 Dungeon Crawl Stone Soup version 0.31-a0-204-g7da18cac08 (webtiles) character file.

Game seed: 17515302633203581867

135 qw the Skirmisher (level 4, -3/25 HPs)
             Began as a Deep Elf Hunter on June 27, 2023.
             Slain by a gnoll
             ... wielding a +0 spear
              (5 damage)
             ... on level 3 of the Dungeon.
             The game lasted 00:00:56 (2202 turns).

qw the Skirmisher (Deep Elf Hunter)                 Turns: 2202, Time: 00:00:56

Health: -3/25      AC: 10    Str: 10    XL:     4   Next: 96%
Magic:  6/6        EV: 11    Int: 14    God:
Gold:   192        SH:  0    Dex: 18    Spells: 3/3 levels left

rFire   . . .        Y - +2 shortbow
rCold   . . .        (shield currently unavailable)
rNeg    . . .        j - +0 ring mail
rPois   .            (no helmet)
rElec   .            (no cloak)
rCorr   .            d - +0 pair of gloves
SInv    .            (no boots)
Will    .....        (no amulet)
Stlth   +            g - +4 ring of protection
HPRegen 0.24/turn    (no ring)
MPRegen 0.10/turn

%: clarity
@: no status effects
A: clarity
a: no special abilities


You were on level 3 of the Dungeon.
You visited 1 branch of the dungeon, and saw 3 of its levels.

You collected 192 gold pieces.


Innate Abilities, Weirdness & Mutations

You possess an exceptional clarity of mind.


   Skills:
 - Level 1.5 Fighting
 + Level 8.3 Ranged Weapons
 - Level 2.4 Dodging
 - Level 1.2 Stealth


You had 3 spell levels left.
You didn't know any spells.
Your spell library was empty.

Inventory:

Hand Weapons
 Y - a +2 shortbow (weapon)
Armour
 d - a +0 pair of gloves (worn)
 j - a +0 ring mail (worn)
Jewellery
 g - a +4 ring of protection (left hand)
Scrolls
 a - a scroll of teleportation
 e - a scroll of noise {unknown}
Potions
 b - a potion of mutation
 c - a potion of heal wounds {unknown}
 f - a potion of cancellation {unknown}
 h - a potion of haste
 n - a potion of lignification {unknown}

Dungeon Overview and Level Annotations

Branches:
Dungeon (3/15)

Altars:


Message History

Enter note:
Enter note:
Enter note:
Enter note: You shoot an arrow.
The arrow hits the ball python.
The ball python is severely wounded.
The ball python bites you but does no damage.
The ball python barely misses you.
You shoot an arrow. The arrow hits the ball python.
You kill the ball python!
You shoot an arrow.
The arrow hits the gnoll but does no damage.
The gnoll hits you with a +0 club. x2
You shoot an arrow. The arrow hits the gnoll!
The gnoll is severely wounded.
The gnoll closely misses you.
The gnoll hits you from afar with a +0 spear.
The gnoll hits you with a +0 club.
You shoot an arrow. The arrow barely misses the gnoll.
The gnoll hits you with a +0 club. The gnoll misses you.
The gnoll closely misses you.
You shoot an arrow. The arrow hits the gnoll.
The gnoll is severely wounded.
The gnoll hits you but does no damage. The gnoll barely misses you.
The gnoll hits you but does no damage.
You shoot an arrow. The arrow completely misses the gnoll.
The gnoll hits you with a +0 club. The gnoll closely misses you.
The gnoll hits you but does no damage.
You shoot an arrow. The arrow hits the gnoll!
You kill the gnoll!
The gnoll hits you from afar with a +0 spear.
The gnoll hits you but does no damage.
You shoot an arrow. The arrow hits the gnoll!
The gnoll is almost dead.
The gnoll barely misses you. The gnoll hits you but does no damage.
You shoot an arrow. The arrow hits the gnoll.
You kill the gnoll!
The gnoll hits you from afar with a +0 spear!
The gnoll hits you from afar with a +0 spear.
You die...

.#...#.# ###########
.#...#.#######....############
....).............%..........#
.#.###.#######....##########.#
.#.# #.#######....# #...##.# .#.#
#.#..........# #...##.## .#.#
#.#.#######.######...##..## .#.#
#.#.# #.#........###..##
.#.###.#.# #@#........####...
.........#<...g))#...............
####....##########.....########..
............................# #..
.........#########.....####.# #..
####.....# #.####..<#.# #..
#.....# #.####.#.#.# #..
####.....# #...##.#...# #..
.........##.....##...##.#'### ###


You could see a gnoll.

Vanquished Creatures
  3 adders
  5 gnolls
  2 worms
  2 dart slugs
  2 orcs (D:3)
  9 ball pythons
  3 endoplasms
  A giant cockroach (D:3)
  5 goblins
  7 hobgoblins
  6 kobolds
  5 quokkas
  3 bats
  A frilled lizard (D:2)
  5 rats
59 creatures vanquished.

Notes
Turn   | Place    | Note
-------+----------+-------------------------------------------
     0 | D:1      | qw the Deep Elf Hunter began the quest for the Orb.
     0 | D:1      | Reached XP level 1. HP: 12/12 MP: 3/3
     0 | D:1      | 0 ||| qw: Version: 0.3-a-22-g0ed2b0b
     0 | D:1      | 0 ||| qw: Game counter: 6550
     0 | D:1      | 0 ||| qw: Melee chars always use a shield: true
     0 | D:1      | 0 ||| qw: God list: Okawaru
     0 | D:1      | 0 ||| qw: Allow faded altars: false
     0 | D:1      | 0 ||| qw: Do Orc after clearing Dungeon:15 true
     0 | D:1      | 0 ||| qw: Do second Lair branch before Depths: true
     0 | D:1      | 0 ||| qw: Lair rune preference: random
     0 | D:1      | 0 ||| qw: Goals: Normal
     0 | D:1      | 0 ||| PLANNING D:1-11
    76 | D:1      | HP: 3/12 [goblin/+0 club (4)]
   154 | D:1      | Reached XP level 2. HP: 16/16 MP: 4/4
   211 | D:1      | Reached skill level 6 in Ranged Weapons
   365 | D:1      | 365 ||| FLEEEEING.
   604 | D:1      | 604 ||| UPGRADING to +0 pair of gloves.
   609 | D:1      | 609 ||| UPGRADING to +0 ring mail.
   619 | D:1      | 619 ||| DROPPING +0 leather armour.
   620 | D:1      | 620 ||| UPGRADING to +4 ring of protection.
   621 | D:1      | 621 ||| READING scroll labelled KAZXOICAALE.
   622 | D:1      | 622 ||| READING scroll labelled XOAMAP TUANE.
   623 | D:1      | 623 ||| READING scroll labelled VINAZI IDYEB.
   624 | D:1      | 624 ||| READING scroll labelled OQERIC MANTE.
   625 | D:1      | 625 ||| READING scroll labelled EGIENI WAKOTHI.
   626 | D:1      | 626 ||| DRINKING 2 lumpy grey potions.
   627 | D:1      | 627 ||| DROPPING scroll of butterflies.
   682 | D:2      | 682 ||| STAIRDANCE
   771 | D:2      | Reached XP level 3. HP: 20/20 MP: 5/5
   784 | D:2      | 784 ||| FLEEEEING.
   842 | D:2      | Reached skill level 7 in Ranged Weapons
   854 | D:2      | Reached XP level 4. HP: 9/25 MP: 6/6
   866 | D:2      | 866 ||| FLEEEEING.
   867 | D:2      | 867 ||| FLEEEEING.
   868 | D:2      | 868 ||| FLEEEEING.
   869 | D:2      | 869 ||| FLEEEEING.
   870 | D:2      | 870 ||| FLEEEEING.
   871 | D:2      | 871 ||| FLEEEEING.
   872 | D:2      | 872 ||| FLEEEEING.
   873 | D:2      | 873 ||| FLEEEEING.
   874 | D:2      | 874 ||| FLEEEEING.
   875 | D:2      | 875 ||| FLEEEEING.
   876 | D:2      | 876 ||| FLEEEEING.
   877 | D:2      | 877 ||| FLEEEEING.
   879 | D:2      | 879 ||| FLEEEEING.
   880 | D:2      | 880 ||| FLEEEEING.
   881 | D:2      | 881 ||| FLEEEEING.
   882 | D:2      | 882 ||| FLEEEEING.
   883 | D:2      | 883 ||| FLEEEEING.
   884 | D:2      | 884 ||| FLEEEEING.
   885 | D:2      | 885 ||| FLEEEEING.
   886 | D:2      | 886 ||| STAIRDANCE
   919 | D:1      | 919 ||| READING scroll labelled QAITAL TAUNWE.
   922 | D:1      | 922 ||| DRINKING 2 fuming amethyst potions.
   922 | D:1      | Gained mutation: You possess an exceptional clarity of
                  | mind. [potion of mutation]
   923 | D:1      | 923 ||| DRINKING 2 bubbling sapphire potions.
   924 | D:1      | 924 ||| DROPPING potion of magic.
   936 | D:2      | 936 ||| STAIRDANCE
  1286 | D:2      | 1286 ||| READING scroll labelled TILIXOMEEM.
  1387 | D:2      | 1387 ||| READING 2 scrolls labelled XIUGOR FUSS.
  1388 | D:2      | 1388 ||| READING scroll of enchant weapon.
  1388 | D:2      | 1388 ||| ENCHANTING +1 shortbow.
  1740 | D:3      | Reached skill level 8 in Ranged Weapons
  2202 | D:3      | HP: 2/25 [gnoll/+0 spear (7)]
  2202 | D:3      | Slain by a gnoll

Levels and vault maps discovered:
D:1:      dpeg_arrival_long_road, layout_basic
D:2:      layout_rooms, grunt_decor_arrowhead
D:3:      layout_basic

Skill      XL: |  1  2  3  4 |
---------------+-------------+-----
Ranged Weapons | 6 7 8 |  8.3
Fighting       | |  1.5
Dodging        | |  2.4
Stealth        | |  1.2

Action                     |  1- 3 |  4- 6 || total
---------------------------+-------+-------++-------
   Fire: Shortbow          |    98 |    82 ||   180
    Use: Scroll            |     5 |     4 ||     9
         Potion            |     1 |     2 ||     3
 Armour: Leather armour    |     7 |       ||     7
         Ring mail         |     9 |    28 ||    37
  Dodge: Dodged            |    19 |    43 ||    62

Table legend:
 A = Non-vault XP
 B = Vault XP
 C = Vault XP percentage of total XP
 D = Non-vault monster count
 E = Vault monster count
 F = Vault count percentage of total count
                 A         B        C        D         E       F
            +---------+---------+-------+---------+---------+-------
      Total |     207 |       0 |   0.0 |      59 |       0 |   0.0
            +---------+---------+-------+---------+---------+-------
        D:1 |      39 |       0 |   0.0 |      20 |       0 |   0.0
        D:2 |      87 |       0 |   0.0 |      17 |       0 |   0.0
        D:3 |      81 |       0 |   0.0 |      22 |       0 |   0.0
            +---------+---------+-------+---------+---------+-------
